 Dungeon Crawl Stone Soup version 0.31.0-32-g396128a36d (webtiles) character file.

Game seed: 3226045350829732902

159 PaiMei the Gusty (level 5, -3/30 HPs)
             Began as a Tengu Air Elementalist on Mar 14, 2024.
             Killed from afar by an orc wizard (6 damage)
             ... with a magic dart
             ... on level 3 of the Dungeon.
             The game lasted 00:03:02 (2549 turns).

PaiMei the Gusty (Tengu Air Elementalist)           Turns: 2549, Time: 00:03:02

Health: -3/30      AC:  2    Str:  8    XL:     5   Next: 40%
Magic:  6/10       EV: 13    Int: 17    God:
Gold:   165        SH:  0    Dex: 15    Spells: 9/10 levels left

rFire   + . .        c - +2 short sword (holy)
rCold   . . .        (no shield)
rNeg    . . .        a - +0 robe
rPois   .            (helmet restricted)
rElec   .            (no cloak)
rCorr   .            (no gloves)
SInv    .            (boots unavailable)
Will    .....        (no amulet)
Stlth   ++           k - ring of protection from fire
HPRegen 0.25/turn    (no ring)
MPRegen 0.12/turn

%: acrobat
@: no status effects
A: beak, talons 3, acrobatic
a: no special abilities


You were on level 3 of the Dungeon.
You visited 1 branch of the dungeon, and saw 3 of its levels.

You collected 165 gold pieces.

Inventory:

Hand Weapons
 c - a +2 short sword of holy wrath (weapon)
Armour
 a - a +0 robe (worn)
 j - a +0 crystal plate armour
Jewellery
 k - a ring of protection from fire (left hand)
Scrolls
 g - 2 scrolls of identify {unknown}
 h - a scroll of vulnerability {unknown}
 i - a scroll of fear {unknown}
Potions
 b - a potion of magic
 d - 2 potions of enlightenment {unknown}
 e - 2 potions of heal wounds {unknown}
 f - a potion of curing {unknown}
 l - a potion of brilliance {unknown}


   Skills:
 + Level 2.0 Fighting
 + Level 3.4 Dodging
 - Level 2.1 Stealth
 + Level 3.0 Spellcasting
 - Level 1.7 Conjurations
 + Level 5.1 Air Magic


You had 9 spell levels left.
You knew the following spells:

 Your Spells              Type           Power      Damage    Failure   Level
a - Shock                 Conj/Air       56%        1d6       4%          1

Your spell library contained the following spells:

 Spells                   Type           Power      Damage    Failure   Level
 Static Discharge         Conj/Air       28%        3-5/arc   6%          2
 Swiftness                Air            20%        N/A       6%          3
 Airstrike                Air            10%        2d(2-18)  21%         4
 Jinxbite                 Hex            4%         N/A       26%         2
 Yara's Violent Unravell  Hex/Alch       1%         3d3       99%         5
 Enfeeble                 Hex            1%         N/A       100%        7


Dungeon Overview and Level Annotations

Branches:
Dungeon (3/15)

Altars:
Dithmenos
Uskayaw


Innate Abilities, Weirdness & Mutations

You have a beak for a mouth.
You have claws for feet.
You can magically evade attacks while moving or waiting.


Message History

Confirm with . or Enter, or press ? or * to list all spells.
You can't see any susceptible monsters within range! (Use Z to cast anyway.)
Found a stone staircase leading up.
A magic dart appears from out of thin air!
The magic dart hits you!
* * * LOW HITPOINT WARNING * * *
Items here: )) [ †.
Found a chain mail.
Something barely misses you.
You barely miss something. Something hits you.
* * * LOW HITPOINT WARNING * * *
You closely miss something. You claw something.
You hear some strange, mumbled words.
Something tries to affect you, but you resist.
You barely miss something. You claw something. Your peck misses something.
Something hits you.
* * * LOW HITPOINT WARNING * * *
Casting: Shock (safe; 4% risk of failure)
Confirm with . or Enter, or press ? or * to list all spells.
You can't see any susceptible monsters within range! (Use Z to cast anyway.)
You miss something. Your kick misses something. Your peck misses something.
Something hits you.
* * * LOW HITPOINT WARNING * * *
Casting: Shock (safe; 4% risk of failure)
Confirm with . or Enter, or press ? or * to list all spells.
You can't see any susceptible monsters within range! (Use Z to cast anyway.)
You barely miss something. Your peck misses something.
Something hits you but does no damage.
Casting: Shock (safe; 4% risk of failure)
Confirm with . or Enter, or press ? or * to list all spells.
You can't see any susceptible monsters within range! (Use Z to cast anyway.)
You completely miss something. Your kick misses something.
Something hits you but does no damage.
Casting: Shock (safe; 4% risk of failure)
Confirm with . or Enter, or press ? or * to list all spells.
Aiming: Shock (safe; 4% risk of failure)
Press: ? - help, Shift-Dir - straight line You hear some strange, mumbled words.
A magic dart appears from out of thin air!
The magic dart hits you.
You die...

#...........§.#§#§#
.
#.....#...#)..§§.§
. ##............#§#
####.........§# #
######.....##.#
..## ##.......#
....[ ##..#####
......#####.#
.<..)){@)...#
......####### .....
####


There were no monsters in sight!

Vanquished Creatures
  An orc priest (D:3)
  2 adders
  3 gnolls (D:2)
  A dart slug (D:2)
  A ribbon worm (D:2)
  8 orcs (D:3)
  6 ball pythons
  6 bats
  3 endoplasms
  4 giant cockroaches (D:1)
  4 goblins
  5 hobgoblins
  6 jackals (D:3)
  4 quokkas
  2 frilled lizards (D:2)
  5 kobolds
  5 rats
66 creatures vanquished.

Notes
Turn   | Place    | Note
-------+----------+-------------------------------------------
     0 | D:1      | PaiMei the Tengu Air Elementalist began the quest for the
                  | Orb.
     0 | D:1      | Reached XP level 1. HP: 10/10 MP: 4/4
   168 | D:1      | Reached XP level 2. HP: 15/15 MP: 1/6
   779 | D:1      | Reached XP level 3. HP: 20/20 MP: 5/7
   980 | D:1      | Found a faded altar of an unknown god.
  1397 | D:2      | Reached skill level 1 in Fighting
  1580 | D:2      | Reached XP level 4. HP: 11/25 MP: 0/8
  2309 | D:3      | Found a hide-covered altar of Uskayaw.
  2430 | D:3      | Reached skill level 5 in Air Magic
  2430 | D:3      | Reached XP level 5. HP: 27/30 MP: 5/10
  2517 | D:3      | Found a shadowy altar of Dithmenos.
  2549 | D:3      | Killed from afar by an orc wizard

Illustrated notes

Levels and vault maps discovered:
D:1:      nicolae_arrival_memento_mori, layout_loops_ring,
          ebering_ecumenical_altar_mist, minmay_misc_feat_room
D:2:      layout_rooms
D:3:      layout_loops_cross, grunt_dithmenos_smoke_and_mirrors,
          nicolae_uskayaw_dance_hall

Skill      XL: |  1  2  3  4  5 |
---------------+----------------+-----
Fighting       | 1 2 |  2.0
Dodging        | 3 |  3.4
Air Magic      | 5 |  5.1
Spellcasting   | 3 |  3.0
Stealth        | |  2.1
Conjurations   | |  1.7

Action                     |  1- 3 |  4- 6 || total
---------------------------+-------+-------++-------
  Melee: Unarmed           |     6 |       ||     6
         Kick              |     1 |     7 ||     8
         Short sword       |     5 |    22 ||    27
         Peck              |     2 |     1 ||     3
   Cast: Shock             |    89 |    53 ||   142
   Stab: Distracted        |     1 |       ||     1
 Armour: Robe              |    15 |    19 ||    34
  Dodge: Dodged            |    28 |    21 ||    49
